 Dungeon Crawl Stone Soup version 0.29.0-4-gdea44cf6ec (webtiles) character file.

Game seed: 7133008713664973447

77436 qw the Severer (level 15, -11/144 HPs)
             Began as a Minotaur Fighter on Sept 6, 2022.
             Was a Priest of Ru.
             Mangled by a skeletal warrior
             ... wielding a +0 mace
              (22 damage)
             ... on level 15 of the Dungeon.
             The game lasted 00:08:38 (19739 turns).

qw the Severer (Minotaur Fighter)                  Turns: 19739, Time: 00:08:38

Health: -11/144    AC: 24    Str: 34    XL:     15   Next: 15%
Magic:  14/14      EV: 11    Int:  9    God:    Ru [***...]
Gold:   1310       SH: 12    Dex: 13    Spells: 14/14 levels left

rFire   . . .      SeeInvis +   i - +4 broad axe (chaos)
rCold   + . .      Faith    .   k - +0 kite shield
rNeg    . . .      Spirit   .   a - +1 plate armour of the Chupacabra {rC+ Int+4 Dex+3}
rPois   .          Reflect  .   (helmet restricted)
rElec   .          Harm     .   g - +0 cloak
rCorr   .          Rampage  .   (no gloves)
Will    +....                   m - +2 pair of boots
Stlth   ..........              s - amulet of the acrobat
HPRegen 1.14/turn               b - ring of see invisible
MPRegen 0.14/turn               t - +6 ring of strength

@: about to teleport
A: horns 2, inability to use devices, no hexes magic, no ice magic, no
translocations magic, disrupted magic 1, retaliatory headbutt, iridescent scales
1, regeneration 1, screaming 1
a: Renounce Religion, Draw Out Power


You were on level 15 of the Dungeon.
You worshipped Ru.
Ru was most pleased with you.
You visited 3 branches of the dungeon, and saw 21 of its levels.
You visited the Abyss 1 time.

You collected 1860 gold pieces.
You spent 550 gold pieces at shops.


Innate Abilities, Weirdness & Mutations

You have a pair of horns on your head.
You cannot study or use magical devices.
You cannot study or cast Hexes magic.
You cannot study or cast Ice magic.
You cannot study or cast Translocations magic.
Your casting is slightly disrupted.
You reflexively headbutt those who attack you in melee.
You are partially covered in iridescent scales. (AC +2)
Your natural rate of healing is unusually fast.
You occasionally shout uncontrollably at your foes.


   Skills:
 - Level 16.0 Fighting
 - Level 19.0 Axes
 - Level 2.0 Throwing
 - Level 13.8 Armour
 - Level 10.0 Dodging
 + Level 13.0 Shields


You had 14 spell levels left.
You didn't know any spells.
Your spell library was empty.

Inventory:

Hand Weapons
 i - a +4 broad axe of chaos (weapon)
 j - a +2 morningstar of draining
Armour
 a - the +1 plate armour of the Chupacabra (worn) {rC+ Int+4 Dex+3}
   (You found it on level 4 of the Lair of Beasts)

   Int:       It affects your intelligence (+4).
   Dex:       It affects your dexterity (+3).
   rC:        It protects you from cold.
 g - a +0 cloak (worn)
 k - a +0 kite shield (worn)
 m - a +2 pair of boots (worn)
Jewellery
 b - a ring of see invisible (left hand)
 c - the amulet "Himnuod" {Regen+ Stlth+}
   (You found it on level 14 of the Dungeon)

   [amulet of regeneration]

   Regen:     It increases your rate of health regeneration.
   Stlth:     It makes you more stealthy.
 e - a ring of protection from cold
 n - a ring of fire
 s - an amulet of the acrobat (around neck)
 t - a +6 ring of strength (right hand)
 Y - a +6 ring of dexterity
Scrolls
 f - 9 scrolls of identify
 p - a scroll of teleportation
Potions
 d - 8 potions of might
 h - 5 potions of curing
 l - a potion of resistance
 o - 4 potions of cancellation
 q - 4 potions of haste
 r - 3 potions of heal wounds

Dungeon Overview and Level Annotations

Branches:
Dungeon (15/15)            Temple (1/1) D:7            Lair (5/5) D:10
  Swamp (0/4) Lair:2        Snake (0/4) Lair:2        Slime (0/5) Lair:5
    Orc (0/2) D:11         Vaults (0/5) D:13
 Depths: D:15

Altars:
Ashenzari
Cheibriados
Dithmenos
Elyvilon
Fedhas
Gozag
Hepliaklqana
Kikubaaqudgha
Makhleb
Nemelex Xobeh
Okawaru
Qazlal
Ru
Sif Muna
Trog
Uskayaw
Vehumet
Wu Jian
Xom
Yredelemnul
Zin
The Shining One

Shops:
D:5 [   D:11 !:!(


Message History

You slice the skeletal warrior!!
You destroy the skeletal warrior!
You slash the skeletal warrior! You hit the skeletal warrior.
You burn the skeletal warrior.
The skeletal warrior hits you with a +0 mace.
You block the skeletal warrior's attack.
You hit the skeletal warrior but do no damage.
The skeletal warrior is lightly damaged.
You slash the skeletal warrior!
The skeletal warrior seems to grow stronger.
You block the skeletal warrior's attack. x2
You slice the skeletal warrior!! You freeze the skeletal warrior!
You headbutt the skeletal warrior, but do no damage.
The skeletal warrior is severely damaged.
You barely miss the skeletal warrior. You slash the skeletal warrior!
You burn the skeletal warrior!
You destroy the skeletal warrior!
You hit the skeletal warrior. You burn the skeletal warrior.
The skeletal warrior is stunned by your conviction and fails to attack.
Your life force feels restored.
Your Shields skill increases to level 13!
You barely miss the skeletal warrior.
The skeletal warrior is moderately damaged.
You block the skeletal warrior's attack.
You slash the skeletal warrior! You headbutt the skeletal warrior!
The skeletal warrior is severely damaged.
The skeletal warrior hits you with a +0 mace!!
The skeletal warrior is stunned by your conviction and fails to attack.
You hit the skeletal warrior. You burn the skeletal warrior.
You headbutt the skeletal warrior.
The skeletal warrior is severely damaged.
You slash the skeletal warrior! You burn the skeletal warrior.
The skeletal warrior hits you with a +0 mace!!
The skeletal warrior hits you with a +0 mace!
19739 ||| READING 2 scrolls of teleportation.
As you read the scroll of teleportation, it crumbles to dust.
You feel strangely unstable.
The skeletal warrior is stunned by your conviction and fails to attack.
The skeletal warrior hits you with a +0 mace!!
You die...

#)####'# ##.#..... #
#.######.##(}...
#.#####.......###.....
..#.....########.##.}...
#.#.#..# ######..#..)?%
#...#.###.......#.}...
#...zz#.)..###..#...<.
#@).)..# #########
#)####..# ..# #..# ##.
#.## # #.. .#. # .. ..


You could see 2 skeletal warriors.

Vanquished Creatures
  A tentacled monstrosity (Abyss:1)
  Rupert (D:12)
  A tentacled starspawn (Abyss:1)
  Snorg (Lair:4)
  An ettin (D:15)
  A spriggan zombie (Abyss:1)
  8 vault guards (D:13)
  2 hydras
  2 boulder beetles
  A merfolk avatar (Lair:5)
  A catoblepas (Lair:3)
  4 two-headed ogres
  A centaur warrior (D:15)
  2 death knights (D:12)
  A death yak (Lair:4)
  4 tengu warriors
  A thrashing horror (Abyss:1)
  Nergalle (Lair:3)
  Sonja (Lair:2)
  6 skeletal warriors
  A bunyip zombie (Abyss:1)
  Lodul (D:14)
  A sea snake (Lair:5)
  Pikel (D:7)
  A lindwurm (Lair:5)
  A wizard (D:15)
  A mana viper (Abyss:1)
  A necromancer (D:15)
  5 deep elf pyromancers
  9 ugly things
  2 cyclopes
  A wolf spider (D:12)
  An orc sorcerer (D:15)
  A manticore (Lair:5)
  A draconian skeleton (Abyss:1)
  6 black mambas
  A smoke demon (Abyss:1)
  An orange demon (Abyss:1)
  11 cane toads
  3 unseen horrors
  Joseph (D:8)
  A torpor snail (Lair:4)
  11 komodo dragons
  2 gargoyles
  6 rime drakes
  A freezing wraith (D:14)
  Maggie (D:7)
  A kobold demonologist (D:13)
  2 yaktaurs (D:12)
  2 efreet
  A tormentor (Abyss:1)
  3 meliai (D:13)
  2 trolls
  4 polar bears
  2 wind drakes (Lair:5)
  2 hornets
  12 slime creatures
  A snapping turtle (Lair:5)
  Grinder (D:4)
  4 dream sheep (Lair:5)
  8 blink frogs (Lair:3)
  5 flying skulls
  2 vampires
  A culicivora (shapeshifter) (D:14)
  29 yaks
  5 basilisks
  4 wyverns
  3 wraiths
  3 steam dragons (Lair:5)
  13 vampire mosquitoes
  13 water moccasins
  3 sky beasts
  An ice beast (D:6)
  8 black bears
  2 orc warriors
  10 ogres
  8 starcursed masses (Abyss:1)
  25 wolves
  10 centaurs
  2 lemures (D:7)
  A phantom (D:4)
  2 kobold brigands (D:8)
  2 necrophages
  11 bullfrogs
  5 scorpions
  2 small abominations (Abyss:1)
  17 wights
  9 howler monkeys
  4 electric eels
  A hound (D:5)
  10 orc priests
  2 gnoll boudas
  4 iguanas
  3 jellies
  12 orc wizards
  13 gnolls
  5 adders
  A shadow imp (D:4)
  A white imp (D:4)
  An ufetubus (D:6)
  2 adder skeletons (D:2)
  An adder zombie (D:2)
  2 worms
  3 dart slugs
  30 orcs
  5 bats
  4 endoplasms
  5 goblins
  6 hobgoblins
  6 jackals
  15 kobolds
  A quokka (D:1)
  5 ball pythons
  2 frilled lizards
  A jackal zombie (D:2)
  A rat (D:2)
  2 starspawn tentacles (Abyss:1)
503 creatures vanquished.

Vanquished Creatures (collateral kills)
  An endoplasm (D:4)
1 creature vanquished.

Vanquished Creatures (others)
  A manticore (D:14)
  A cane toad (Lair:2)
  A vampire mosquito (D:13)
  An orc wizard (D:3)
  An orc (D:14)
  13 fungi
  44 plants
  A starspawn tentacle (Abyss:1)
  2 withered plants (D:2)
65 creatures vanquished.

Grand Total: 569 creatures vanquished

Notes
Turn   | Place    | Note
-------+----------+-------------------------------------------
     0 | D:1      | qw the Minotaur Fighter began the quest for the Orb.
     0 | D:1      | Reached XP level 1. HP: 19/19 MP: 0/0
     0 | D:1      | 0 ||| qw: Version: 0.1-a-107-g9ff403c
     0 | D:1      | 0 ||| qw: Game counter: 6065
     0 | D:1      | 0 ||| qw: Always use a shield: true
     0 | D:1      | 0 ||| qw: God list: Ru
     0 | D:1      | 0 ||| qw: Allow faded altars: false
     0 | D:1      | 0 ||| qw: Do Orc after D:15 true
     0 | D:1      | 0 ||| qw: Do second Lair branch before Depths: true
     0 | D:1      | 0 ||| qw: Lair rune preference: random
     0 | D:1      | 0 ||| qw: Plans: Normal
     0 | D:1      | 0 ||| PLANNING D:1-11
   154 | D:1      | Reached skill level 3 in Axes
   191 | D:1      | 191 ||| Stepping ~*~*~tactically~*~*~ (stealth).
   193 | D:1      | 193 ||| Stepping ~*~*~tactically~*~*~ (stealth).
   205 | D:1      | Reached XP level 2. HP: 22/26 MP: 1/1
   370 | D:1      | 370 ||| Stepping ~*~*~tactically~*~*~ (hiding).
   547 | D:1      | 547 ||| UPGRADING to +0 cloak.
   552 | D:1      | 552 ||| UPGRADING to +0 pair of boots.
   557 | D:1      | 557 ||| READING scroll labelled IDESTR LECK.
   558 | D:1      | 558 ||| READING scroll labelled GAIGAP OWYLIX.
   559 | D:1      | 559 ||| READING scroll labelled EXOC NEEGI.
   560 | D:1      | 560 ||| READING scroll labelled ENOUTT YXTUIF.
   563 | D:1      | 563 ||| READING scroll labelled GENGIY DEGEDISM.
   564 | D:1      | 564 ||| DRINKING 2 smoky ruby potions.
   600 | D:1      | 600 ||| DROPPING potion of lignification.
   709 | D:2      | 709 ||| Stepping ~*~*~tactically~*~*~ (hiding).
   722 | D:2      | Reached skill level 4 in Axes
   764 | D:2      | 764 ||| Stepping ~*~*~tactically~*~*~ (stealth).
   771 | D:2      | Reached XP level 3. HP: 18/31 MP: 2/2
   784 | D:2      | 784 ||| Stepping ~*~*~tactically~*~*~ (stealth).
   785 | D:2      | 785 ||| Stepping ~*~*~tactically~*~*~ (stealth).
  1058 | D:2      | Reached skill level 5 in Axes
  1308 | D:2      | Found an ornate altar of the Wu Jian Council.
  1408 | D:2      | 1408 ||| Stepping ~*~*~tactically~*~*~ (stealth).
  1576 | D:2      | 1576 ||| READING scroll labelled KOPSE YTOCEHIODD.
  1577 | D:2      | 1577 ||| READING scroll labelled OMNEECAIPISM.
  1748 | D:3      | Reached skill level 1 in Dodging
  1848 | D:3      | Reached XP level 4. HP: 39/39 MP: 3/3
  1865 | D:3      | Found a faded altar of an unknown god.
  1867 | D:3      | 1867 ||| Stepping ~*~*~tactically~*~*~ (hiding).
  1870 | D:3      | 1870 ||| Stepping ~*~*~tactically~*~*~ (hiding).
  1871 | D:3      | 1871 ||| Stepping ~*~*~tactically~*~*~ (hiding).
  1873 | D:3      | 1873 ||| Stepping ~*~*~tactically~*~*~ (hiding).
  1892 | D:3      | Reached skill level 6 in Axes
  2083 | D:3      | 2083 ||| DROPPING +0 whip.
  2138 | D:3      | 2138 ||| Stepping ~*~*~tactically~*~*~ (stealth).
  2152 | D:3      | Reached XP level 5. HP: 45/45 MP: 4/4
  2193 | D:3      | 2193 ||| Stepping ~*~*~tactically~*~*~ (stealth).
  2210 | D:3      | 2210 ||| FLEEEEING.
  2327 | D:3      | 2327 ||| Stepping ~*~*~tactically~*~*~ (stealth).
  2329 | D:3      | 2329 ||| FLEEEEING.
  2334 | D:3      | 2334 ||| FLEEEEING.
  2359 | D:3      | Reached skill level 7 in Axes
  2724 | D:3      | 2724 ||| Stepping ~*~*~tactically~*~*~ (stealth).
  2982 | D:3      | 2982 ||| UPGRADING to +0 plate armour.
  2992 | D:3      | 2992 ||| DROPPING +0 scale mail.
  2993 | D:3      | 2993 ||| READING 3 scrolls labelled EPSIYR YGUHYK.
  2994 | D:3      | 2994 ||| READING scroll labelled OGEOKH MEUG.
  2995 | D:3      | 2995 ||| DRINKING 2 murky purple potions.
  2996 | D:3      | 2996 ||| DRINKING 2 glowing black potions.
  2997 | D:3      | 2997 ||| DROPPING potion of flight.
  2998 | D:3      | 2998 ||| DROPPING 2 scrolls of noise.
  3071 | D:4      | Noticed a phantom
  3075 | D:4      | Reached XP level 6. HP: 43/52 MP: 5/5
  3088 | D:4      | Reached skill level 8 in Axes
  3378 | D:4      | Noticed Grinder
  3379 | D:4      | 3379 ||| Stepping ~*~*~tactically~*~*~ (hiding).
  3388 | D:4      | Paralysed by Grinder for 2 turns
  3393 | D:4      | Killed Grinder
  3394 | D:4      | Reached skill level 9 in Axes
  3394 | D:4      | Reached XP level 7. HP: 54/59 MP: 6/6
  3533 | D:4      | 3533 ||| Stepping ~*~*~tactically~*~*~ (stealth).
  4083 | D:4      | Reached skill level 10 in Axes
  4084 | D:4      | Found an ancient bone altar of Kikubaaqudgha.
  4088 | D:4      | Found a radiant altar of Vehumet.
  4090 | D:4      | Found a broken altar of Ashenzari.
  4099 | D:4      | Found a sparkling altar of Nemelex Xobeh.
  4116 | D:4      | Found an opulent altar of Gozag.
  4232 | D:4      | 4232 ||| READING scroll labelled NIUGUO YDYTHRO.
  4233 | D:4      | 4233 ||| DRINKING 2 silvery potions.
  4234 | D:4      | 4234 ||| READING 2 scrolls of identify.
  4234 | D:4      | 4234 ||| IDENTIFYING grey potion
  4235 | D:4      | 4235 ||| DROPPING potion of invisibility.
  4236 | D:4      | 4236 ||| DROPPING potion of degeneration.
  4249 | D:5      | Entered Level 5 of the Dungeon
  4250 | D:5      | 4250 ||| STAIRDANCE
  4319 | D:5      | 4319 ||| STAIRDANCE
  4325 | D:4      | Reached XP level 8. HP: 54/68 MP: 7/7
  4473 | D:5      | 4473 ||| Stepping ~*~*~tactically~*~*~ (stealth).
  4475 | D:5      | 4475 ||| Stepping ~*~*~tactically~*~*~ (stealth).
  4479 | D:5      | 4479 ||| Stepping ~*~*~tactically~*~*~ (stealth).
  4480 | D:5      | 4480 ||| Stepping ~*~*~tactically~*~*~ (stealth).
  4489 | D:5      | Reached skill level 6 in Fighting
  4591 | D:5      | Found Beim's Armour Emporium.
  4751 | D:5      | Reached skill level 11 in Axes
  4957 | D:5      | Reached skill level 6 in Armour
  4979 | D:5      | 4979 ||| Stepping ~*~*~tactically~*~*~ (hiding).
  4985 | D:5      | 4985 ||| Stepping ~*~*~tactically~*~*~ (hiding).
  5022 | D:5      | 5022 ||| UPGRADING to +6 ring of dexterity.
  5023 | D:5      | 5023 ||| DRINKING 2 sapphire potions.
  5024 | D:5      | 5024 ||| DRINKING 2 murky silvery potions.
  5024 | D:5      | Gained mutation: You do not regenerate when monsters are
                  | visible. [potion of mutation]
  5024 | D:5      | Gained mutation: Your flesh is cold resistant. (rC+)
                  | [potion of mutation]
  5024 | D:5      | Gained mutation: Your magical capacity is low. (-10% MP)
                  | [potion of mutation]
  5025 | D:5      | 5025 ||| DRINKING potion of mutation.
  5025 | D:5      | Lost mutation: Your flesh is cold resistant. (rC+) [potion
                  | of mutation]
  5025 | D:5      | Lost mutation: You do not regenerate when monsters are
                  | visible. [potion of mutation]
  5025 | D:5      | Gained mutation: Your muscles are strong. (Str +4, Int/Dex
                  | -1) [potion of mutation]
  5025 | D:5      | Gained mutation: You are dopey. (Int -2) [potion of
                  | mutation]
  5025 | D:5      | Gained mutation: You occasionally lose the ability to read
                  | scrolls when taking damage. [potion of mutation]
  5025 | D:5      | Gained mutation: Your flesh is cold resistant. (rC+)
                  | [potion of mutation]
  5111 | D:6      | Reached XP level 9. HP: 67/75 MP: 7/7
  5157 | D:6      | 5157 ||| READING scroll of enchant armour.
  5157 | D:6      | 5157 ||| ENCHANTING +0 pair of boots.
  5171 | D:6      | 5171 ||| Stepping ~*~*~tactically~*~*~ (stealth).
  5174 | D:6      | 5174 ||| Stepping ~*~*~tactically~*~*~ (stealth).
  5175 | D:6      | 5175 ||| Stepping ~*~*~tactically~*~*~ (stealth).
  5184 | D:6      | 5184 ||| Stepping ~*~*~tactically~*~*~ (stealth).
  5189 | D:6      | Reached skill level 3 in Dodging
  5195 | D:6      | 5195 ||| Stepping ~*~*~tactically~*~*~ (hiding).
  5241 | D:6      | 5241 ||| Stepping ~*~*~tactically~*~*~ (stealth).
  5378 | D:6      | Reached skill level 12 in Axes
  5512 | D:6      | 5512 ||| Stepping ~*~*~tactically~*~*~ (hiding).
  5539 | D:6      | 5539 ||| Stepping ~*~*~tactically~*~*~ (stealth).
  5561 | D:6      | 5561 ||| FLEEEEING.
  5562 | D:6      | 5562 ||| FLEEEEING.
  5564 | D:6      | 5564 ||| FLEEEEING.
  5565 | D:6      | 5565 ||| FLEEEEING.
  5566 | D:6      | 5566 ||| FLEEEEING.
  5567 | D:6      | 5567 ||| FLEEEEING.
  5568 | D:6      | 5568 ||| FLEEEEING.
  5569 | D:6      | 5569 ||| FLEEEEING.
  5570 | D:6      | 5570 ||| FLEEEEING.
  5571 | D:6      | 5571 ||| FLEEEEING.
  5572 | D:6      | 5572 ||| FLEEEEING.
  5573 | D:6      | 5573 ||| FLEEEEING.
  5574 | D:6      | 5574 ||| FLEEEEING.
  5575 | D:6      | 5575 ||| FLEEEEING.
  5576 | D:6      | 5576 ||| FLEEEEING.
  5577 | D:6      | 5577 ||| FLEEEEING.
  5578 | D:6      | 5578 ||| FLEEEEING.
  5579 | D:6      | 5579 ||| FLEEEEING.
  5580 | D:6      | 5580 ||| FLEEEEING.
  5581 | D:6      | 5581 ||| FLEEEEING.
  5582 | D:6      | 5582 ||| FLEEEEING.
  5583 | D:6      | 5583 ||| FLEEEEING.
  5584 | D:6      | 5584 ||| FLEEEEING.
  5585 | D:6      | 5585 ||| FLEEEEING.
  5586 | D:6      | 5586 ||| FLEEEEING.
  5587 | D:6      | 5587 ||| FLEEEEING.
  5588 | D:6      | 5588 ||| FLEEEEING.
  5589 | D:6      | 5589 ||| FLEEEEING.
  5590 | D:6      | 5590 ||| FLEEEEING.
  5591 | D:6      | 5591 ||| FLEEEEING.
  5592 | D:6      | 5592 ||| FLEEEEING.
  5593 | D:6      | 5593 ||| FLEEEEING.
  5594 | D:6      | 5594 ||| FLEEEEING.
  5595 | D:6      | 5595 ||| FLEEEEING.
  5596 | D:6      | 5596 ||| FLEEEEING.
  5597 | D:6      | 5597 ||| FLEEEEING.
  5598 | D:6      | 5598 ||| FLEEEEING.
  5599 | D:6      | 5599 ||| FLEEEEING.
  5600 | D:6      | 5600 ||| FLEEEEING.
  5601 | D:6      | 5601 ||| FLEEEEING.
  5602 | D:6      | 5602 ||| FLEEEEING.
  5603 | D:6      | 5603 ||| FLEEEEING.
  5604 | D:6      | 5604 ||| FLEEEEING.
  5605 | D:6      | 5605 ||| FLEEEEING.
  5606 | D:6      | 5606 ||| FLEEEEING.
  5607 | D:6      | 5607 ||| STAIRDANCE
  5654 | D:5      | 5654 ||| UPGRADING to +6 ring of intelligence.
  5923 | D:6      | 5923 ||| DROPPING +0 flail.
  6100 | D:7      | Noticed Maggie
  6112 | D:7      | Killed Maggie
  6141 | D:7      | 6141 ||| FLEEEEING.
  6142 | D:7      | 6142 ||| FLEEEEING.
  6212 | D:7      | 6212 ||| FLEEEEING.
  6221 | D:7      | 6221 ||| STAIRDANCE
  6354 | D:7      | Reached skill level 13 in Axes
  6362 | D:7      | 6362 ||| DRINKING potion of mutation.
  6362 | D:7      | Lost mutation: Your magical capacity is low. (-10% MP)
                  | [potion of mutation]
  6362 | D:7      | Lost mutation: You are dopey. (Int -2) [potion of mutation]
  6362 | D:7      | Lost mutation: You occasionally lose the ability to read
                  | scrolls when taking damage. [potion of mutation]
  6362 | D:7      | Gained mutation: You occasionally lose the ability to drink
                  | potions when taking damage. [potion of mutation]
  6362 | D:7      | Gained mutation: You are partially covered in iridescent
                  | scales. (AC +2) [potion of mutation]
  6362 | D:7      | Gained mutation: Your natural rate of healing is unusually
                  | fast. [potion of mutation]
  6385 | D:7      | 6385 ||| FLEEEEING.
  6386 | D:7      | 6386 ||| SWAPPING to +0 broad axe.
  6389 | D:7      | 6389 ||| FLEEEEING.
  6390 | D:7      | 6390 ||| FLEEEEING.
  6391 | D:7      | 6391 ||| FLEEEEING.
  6392 | D:7      | 6392 ||| FLEEEEING.
  6393 | D:7      | 6393 ||| FLEEEEING.
  6401 | D:7      | 6401 ||| DROPPING +1 war axe of chaos.
  6410 | D:7      | Found a staircase to the Ecumenical Temple.
  6411 | D:7      | 6411 ||| PLANNING TEMPLE
  6411 | D:7      | 6411 ||| READING scroll labelled NEIFAWO JOQALU.
  6412 | D:7      | 6412 ||| DRINKING 2 sedimented pink potions.
  6413 | D:7      | 6413 ||| DROPPING potion of brilliance.
  6419 | Temple   | Entered the Ecumenical Temple
  6620 | Temple   | 6620 ||| PLANNING D:1-11
  6648 | D:7      | 6648 ||| Stepping ~*~*~tactically~*~*~ (stealth).
  6650 | D:7      | 6650 ||| Stepping ~*~*~tactically~*~*~ (hiding).
  6817 | D:7      | 6817 ||| Stepping ~*~*~tactically~*~*~ (stealth).
  6880 | D:7      | Found a glowing golden altar of the Shining One.
  6912 | D:7      | 6912 ||| Stepping ~*~*~tactically~*~*~ (stealth).
  6955 | D:7      | 6955 ||| FLEEEEING.
  6961 | D:7      | 6961 ||| Stepping ~*~*~tactically~*~*~ (hiding).
  7140 | D:7      | 7140 ||| Stepping ~*~*~tactically~*~*~ (stealth).
  7142 | D:7      | 7142 ||| Stepping ~*~*~tactically~*~*~ (hiding).
  7149 | D:7      | 7149 ||| Stepping ~*~*~tactically~*~*~ (stealth).
  7159 | D:7      | 7159 ||| FLEEEEING.
  7160 | D:7      | 7160 ||| Stepping ~*~*~tactically~*~*~ (stealth).
  7162 | D:7      | 7162 ||| Stepping ~*~*~tactically~*~*~ (stealth).
  7204 | D:7      | Reached XP level 10. HP: 86/87 MP: 9/9
  7245 | D:7      | Noticed Pikel
  7246 | D:7      | 7246 ||| Stepping ~*~*~tactically~*~*~ (stealth).
  7270 | D:7      | Killed Pikel
  7439 | D:7      | 7439 ||| READING 3 scrolls of identify.
  7439 | D:7      | 7439 ||| IDENTIFYING fizzy grey potion
  7581 | D:8      | 7581 ||| Stepping ~*~*~tactically~*~*~ (stealth).
  7588 | D:8      | 7588 ||| Stepping ~*~*~tactically~*~*~ (stealth).
  7596 | D:8      | 7596 ||| Stepping ~*~*~tactically~*~*~ (stealth).
  7603 | D:8      | Reached skill level 14 in Axes
  7647 | D:8      | 7647 ||| Stepping ~*~*~tactically~*~*~ (hiding).
  7756 | D:8      | 7756 ||| Stepping ~*~*~tactically~*~*~ (hiding).
  7757 | D:8      | 7757 ||| Stepping ~*~*~tactically~*~*~ (hiding).
  7897 | D:8      | 7897 ||| Stepping ~*~*~tactically~*~*~ (stealth).
  7900 | D:8      | 7900 ||| Stepping ~*~*~tactically~*~*~ (stealth).
  7992 | D:8      | Noticed Joseph
  7993 | D:8      | 7993 ||| Stepping ~*~*~tactically~*~*~ (hiding).
  8004 | D:8      | Killed Joseph
  8159 | D:8      | 8159 ||| Stepping ~*~*~tactically~*~*~ (hiding).
  8378 | D:8      | 8378 ||| READING scroll of brand weapon.
  8378 | D:8      | 8378 ||| BRANDING +0 broad axe.
  8392 | D:8      | 8392 ||| READING 3 scrolls of identify.
  8392 | D:8      | 8392 ||| IDENTIFYING sedimented blue potion
  8433 | D:9      | Found a hazy altar of Hepliaklqana.
  8434 | D:9      | Found a shadowy altar of Dithmenos.
  8517 | D:9      | Found a sacrificial altar of Ru.
  8525 | D:9      | Became a worshipper of Ru the Awakened
  8615 | D:9      | Found an ornate altar of the Wu Jian Council.
  8648 | D:9      | Found a glowing silver altar of Zin.
  8671 | D:9      | 8671 ||| READING 2 scrolls of identify.
  8671 | D:9      | 8671 ||| IDENTIFYING black potion
  8790 | D:9      | 8790 ||| Stepping ~*~*~tactically~*~*~ (stealth).
  8791 | D:9      | 8791 ||| Stepping ~*~*~tactically~*~*~ (stealth).
  8890 | D:9      | Reached skill level 15 in Axes
  8897 | D:9      | Reached skill level 9 in Fighting
  8938 | D:9      | 8938 ||| READING scroll of enchant weapon.
  8938 | D:9      | 8938 ||| ENCHANTING +0 broad axe of freezing.
  9158 | D:9      | 9158 ||| UPGRADING to amulet of the acrobat.
  9163 | D:9      | 9163 ||| DROPPING potion of ambrosia.
  9182 | D:10     | Entered Level 10 of the Dungeon
  9200 | D:10     | Found a staircase to the Lair.
  9200 | D:10     | Noticed a two-headed ogre
  9214 | D:10     | Killed a two-headed ogre
  9215 | D:10     | Reached XP level 11. HP: 51/97 MP: 10/10
  9216 | D:10     | Reached skill level 16 in Axes
  9426 | D:10     | Noticed a two-headed ogre
  9433 | D:10     | Killed a two-headed ogre
  9434 | D:10     | Reached skill level 6 in Shields
  9515 | D:10     | Noticed a two-headed ogre
  9522 | D:10     | HP: 21/97 [two-headed ogre/+0 giant spiked club (28)]
  9523 | D:10     | 9523 ||| READING 4 scrolls of teleportation.
  9526 | D:10     | Killed a two-headed ogre
  9595 | D:10     | 9595 ||| INVOKING Sacrifice Artifice.
  9595 | D:10     | Gained mutation: You cannot study or use magical devices.
                  | [Ru sacrifice]
  9595 | D:10     | Reached * piety under Ru
  9595 | D:10     | Reached ** piety under Ru
  9915 | D:10     | 9915 ||| READING scroll labelled DAIPEU FE ZIKE.
  9916 | D:10     | 9916 ||| READING scroll labelled COODISH WUXU.
  9917 | D:10     | 9917 ||| DRINKING 2 bubbling puce potions.
  9918 | D:10     | 9918 ||| DROPPING potion of attraction.
  9928 | D:11     | 9928 ||| STAIRDANCE
  9933 | D:11     | 9933 ||| STAIRDANCE
 10073 | D:11     | Found Nifel's Distillery.
 10089 | D:11     | 10089 ||| BUYING potion of cancellation (96 gold).
 10089 | D:11     | Bought a potion of cancellation for 96 gold pieces
 10089 | D:11     | 10089 ||| BUYING potion of curing (36 gold).
 10089 | D:11     | Bought a potion of curing for 36 gold pieces
 10089 | D:11     | 10089 ||| BUYING potion of haste (120 gold).
 10089 | D:11     | Bought a potion of haste for 120 gold pieces
 10089 | D:11     | 10089 ||| BUYING potion of haste (120 gold).
 10089 | D:11     | Bought a potion of haste for 120 gold pieces
 10089 | D:11     | 10089 ||| BUYING potion of might (48 gold).
 10089 | D:11     | Bought a potion of might for 48 gold pieces
 10113 | D:11     | Found Pain's Book Boutique.
 10174 | D:11     | Found Mynu's Antique Weapon Shoppe.
 10187 | D:11     | Noticed a two-headed ogre
 10194 | D:11     | Killed a two-headed ogre
 10195 | D:11     | Reached skill level 17 in Axes
 10262 | D:11     | Found Cosipn's Distillery.
 10341 | D:11     | Found a staircase to the Orcish Mines.
 10601 | D:11     | 10601 ||| BUYING potion of haste (130 gold).
 10601 | D:11     | Bought a potion of haste for 130 gold pieces
 10601 | D:11     | 10601 ||| SHOPLISTING potion of mutation (104 gold, have
                  | 98).
 10871 | D:11     | 10871 ||| PLANNING LAIR
 10956 | Lair:1   | Entered Level 1 of the Lair of Beasts
 11039 | Lair:1   | 11039 ||| DRINKING potion of mutation.
 11039 | Lair:1   | Lost mutation: You occasionally lose the ability to drink
                  | potions when taking damage. [potion of mutation]
 11039 | Lair:1   | Lost mutation: Your flesh is cold resistant. (rC+) [potion
                  | of mutation]
 11039 | Lair:1   | Lost mutation: You are partially covered in iridescent
                  | scales. (AC +2) [potion of mutation]
 11039 | Lair:1   | Gained mutation: You sometimes lose your temper in combat.
                  | [potion of mutation]
 11039 | Lair:1   | Gained mutation: You occasionally shout uncontrollably at
                  | your foes. [potion of mutation]
 11039 | Lair:1   | Gained mutation: You are frail. (-10% HP) [potion of
                  | mutation]
 11039 | Lair:1   | Lost mutation: You are frail. (-10% HP) [potion of
                  | mutation]
 11066 | Lair:1   | Reached skill level 9 in Armour
 11070 | Lair:1   | 11070 ||| READING scroll of enchant armour.
 11070 | Lair:1   | 11070 ||| ENCHANTING +1 pair of boots.
 11165 | Lair:1   | 11165 ||| Stepping ~*~*~tactically~*~*~ (stealth).
 11167 | Lair:1   | 11167 ||| Stepping ~*~*~tactically~*~*~ (stealth).
 11307 | Lair:1   | 11307 ||| Stepping ~*~*~tactically~*~*~ (hiding).
 11312 | Lair:1   | Reached XP level 12. HP: 106/106 MP: 11/11
 11886 | Lair:1   | 11886 ||| UPGRADING to ring of protection from cold.
 11888 | Lair:1   | 11888 ||| UPGRADING to +6 ring of dexterity.
 11890 | Lair:1   | 11890 ||| DROPPING +6 ring of intelligence.
 11900 | Lair:2   | Noticed Sonja
 11903 | Abyss:1  | Cast into level 1 of the Abyss (Sonja)
 11923 | Abyss:1  | 11923 ||| INVOKING Sacrifice Arcana.
 11923 | Abyss:1  | Gained mutation: You cannot study or cast Ice magic. [Ru
                  | sacrifice]
 11923 | Abyss:1  | Gained mutation: You cannot study or cast Hexes magic. [Ru
                  | sacrifice]
 11923 | Abyss:1  | Gained mutation: You cannot study or cast Translocations
                  | magic. [Ru sacrifice]
 11923 | Abyss:1  | Reached *** piety under Ru
 11931 | Abyss:1  | 11931 ||| Stepping ~*~*~tactically~*~*~ (stealth).
 11932 | Abyss:1  | 11932 ||| Stepping ~*~*~tactically~*~*~ (stealth).
 11947 | Abyss:1  | 11947 ||| Stepping ~*~*~tactically~*~*~ (stealth).
 11948 | Abyss:1  | 11948 ||| Stepping ~*~*~tactically~*~*~ (stealth).
 11949 | Abyss:1  | 11949 ||| Stepping ~*~*~tactically~*~*~ (stealth).
 11950 | Abyss:1  | 11950 ||| Stepping ~*~*~tactically~*~*~ (stealth).
 11972 | Abyss:1  | 11972 ||| Stepping ~*~*~tactically~*~*~ (stealth).
 11973 | Abyss:1  | 11973 ||| Stepping ~*~*~tactically~*~*~ (stealth).
 11974 | Abyss:1  | 11974 ||| Stepping ~*~*~tactically~*~*~ (stealth).
 11975 | Abyss:1  | 11975 ||| Stepping ~*~*~tactically~*~*~ (stealth).
 11979 | Abyss:1  | Reached skill level 18 in Axes
 11993 | Abyss:1  | Noticed a starcursed mass
 12021 | Abyss:1  | 12021 ||| Stepping ~*~*~tactically~*~*~ (stealth).
 12034 | Abyss:1  | HP: 26/107 [spriggan defender zombie[a necromancer] (13)]
 12035 | Abyss:1  | 12035 ||| READING 4 scrolls of teleportation.
 12039 | Abyss:1  | 12039 ||| INVOKING Draw Out Power.
 12043 | Abyss:1  | HP: 17/105 [draconian monk skeleton[a necromancer] (11)]
 12044 | Abyss:1  | 12044 ||| DRINKING 3 potions of heal wounds.
 12046 | Abyss:1  | 12046 ||| DRINKING 2 potions of heal wounds.
 12113 | Abyss:1  | Noticed a tentacled monstrosity
 12123 | Abyss:1  | Killed a tentacled monstrosity
 12194 | Abyss:1  | 12194 ||| Stepping ~*~*~tactically~*~*~ (stealth).
 12207 | Abyss:1  | Noticed a tentacled starspawn
 12211 | Abyss:1  | Reached skill level 19 in Axes
 12214 | Abyss:1  | Killed a tentacled starspawn
 12217 | Lair:2   | Escaped the Abyss
 12220 | Lair:2   | HP: 10/110 [Sonja/+1 short sword of distortion (24)]
 12221 | Lair:2   | 12221 ||| READING 3 scrolls of teleportation.
 12222 | Lair:2   | 12222 ||| INVOKING Draw Out Power.
 12225 | Lair:2   | Reached skill level 6 in Dodging
 12230 | Lair:2   | HP: 26/107 [poisoned by a water moccasin]
 12231 | Lair:2   | 12231 ||| READING 2 scrolls of teleportation.
 12231 | Lair:2   | HP: 9/107 [cane toad (5)]
 12232 | Lair:2   | 12232 ||| DRINKING potion of heal wounds.
 12234 | Lair:2   | HP: 3/110 [poisoned by a cane toad]
 12235 | Lair:2   | 12235 ||| DRINKING 3 potions of curing.
 12235 | Lair:2   | 12235 ||| (to cure poison)
 12304 | Lair:2   | 12304 ||| Stepping ~*~*~tactically~*~*~ (hiding).
 12306 | Lair:2   | 12306 ||| DRINKING 2 potions of curing.
 12306 | Lair:2   | 12306 ||| (to cure confusion)
 12315 | Lair:2   | Killed Sonja
 12405 | Lair:2   | Reached skill level 12 in Fighting
 12672 | Lair:2   | Found a staircase to the Swamp.
 12711 | Lair:2   | Found a staircase to the Snake Pit.
 12898 | Lair:2   | Noticed a six-headed hydra
 12900 | Lair:2   | 12900 ||| SWAPPING to +2 morningstar of draining.
 12905 | Lair:2   | Killed a six-headed hydra
 12906 | Lair:2   | Reached XP level 13. HP: 92/118 MP: 12/12
 12906 | Lair:2   | 12906 ||| SWAPPING to +1 broad axe of freezing.
 13126 | Lair:2   | 13126 ||| Stepping ~*~*~tactically~*~*~ (stealth).
 13134 | Lair:2   | 13134 ||| Stepping ~*~*~tactically~*~*~ (stealth).
 13483 | Lair:2   | 13483 ||| UPGRADING to +6 ring of strength.
 13485 | Lair:2   | 13485 ||| UPGRADING to ring of protection from cold.
 13487 | Lair:2   | 13487 ||| READING scroll labelled SUGUIPS ZYICK.
 13594 | Lair:3   | 13594 ||| SWAPPING to +2 morningstar of draining.
 13602 | Lair:3   | 13602 ||| SWAPPING to +1 broad axe of freezing.
 13643 | Lair:3   | 13643 ||| Stepping ~*~*~tactically~*~*~ (stealth).
 13654 | Lair:3   | Noticed Nergalle
 13656 | Lair:3   | Killed Nergalle
 13893 | Lair:3   | 13893 ||| DRINKING potion of mutation.
 13893 | Lair:3   | Lost mutation: Your muscles are strong. (Str +4, Int/Dex
                  | -1) [potion of mutation]
 13893 | Lair:3   | Lost mutation: You sometimes lose your temper in combat.
                  | [potion of mutation]
 13893 | Lair:3   | Gained mutation: You are partially covered in iridescent
                  | scales. (AC +2) [potion of mutation]
 14030 | Lair:3   | 14030 ||| READING scroll of enchant weapon.
 14030 | Lair:3   | 14030 ||| ENCHANTING +1 broad axe of freezing.
 14053 | Lair:3   | 14053 ||| Stepping ~*~*~tactically~*~*~ (hiding).
 14494 | Lair:4   | 14494 ||| INVOKING Sacrifice Essence.
 14494 | Lair:4   | Gained mutation: Your casting is slightly disrupted. [Ru
                  | sacrifice]
 14524 | Lair:4   | 14524 ||| Stepping ~*~*~tactically~*~*~ (stealth).
 14538 | Lair:4   | 14538 ||| Stepping ~*~*~tactically~*~*~ (stealth).
 14540 | Lair:4   | 14540 ||| Stepping ~*~*~tactically~*~*~ (stealth).
 14545 | Lair:4   | 14545 ||| Stepping ~*~*~tactically~*~*~ (stealth).
 14549 | Lair:4   | 14549 ||| Stepping ~*~*~tactically~*~*~ (stealth).
 14550 | Lair:4   | 14550 ||| Stepping ~*~*~tactically~*~*~ (stealth).
 14552 | Lair:4   | 14552 ||| Stepping ~*~*~tactically~*~*~ (stealth).
 14553 | Lair:4   | 14553 ||| Stepping ~*~*~tactically~*~*~ (stealth).
 14554 | Lair:4   | 14554 ||| Stepping ~*~*~tactically~*~*~ (stealth).
 14589 | Lair:4   | Reached skill level 12 in Armour
 14602 | Lair:4   | 14602 ||| FLEEEEING.
 14603 | Lair:4   | 14603 ||| FLEEEEING.
 14604 | Lair:4   | 14604 ||| FLEEEEING.
 14606 | Lair:4   | 14606 ||| Stepping ~*~*~tactically~*~*~ (stealth).
 14607 | Lair:4   | 14607 ||| Stepping ~*~*~tactically~*~*~ (stealth).
 14611 | Lair:4   | 14611 ||| Stepping ~*~*~tactically~*~*~ (stealth).
 14613 | Lair:4   | Reached skill level 9 in Shields
 14614 | Lair:4   | 14614 ||| FLEEEEING.
 14615 | Lair:4   | 14615 ||| FLEEEEING.
 14616 | Lair:4   | 14616 ||| FLEEEEING.
 14617 | Lair:4   | 14617 ||| FLEEEEING.
 14618 | Lair:4   | 14618 ||| STAIRDANCE
 14644 | Lair:4   | 14644 ||| STAIRDANCE
 14659 | Lair:4   | 14659 ||| STAIRDANCE
 14664 | Lair:4   | 14664 ||| STAIRDANCE
 14670 | Lair:4   | 14670 ||| STAIRDANCE
 14727 | Lair:4   | 14727 ||| READING scroll of enchant weapon.
 14727 | Lair:4   | 14727 ||| ENCHANTING +2 broad axe of freezing.
 14767 | Lair:4   | 14767 ||| FLEEEEING.
 14768 | Lair:4   | 14768 ||| FLEEEEING.
 14769 | Lair:4   | 14769 ||| FLEEEEING.
 14770 | Lair:4   | 14770 ||| FLEEEEING.
 14771 | Lair:4   | 14771 ||| FLEEEEING.
 14772 | Lair:4   | 14772 ||| FLEEEEING.
 14773 | Lair:4   | 14773 ||| FLEEEEING.
 14899 | Lair:4   | Identified the +1 plate armour of the Chupacabra {rC+ Int+4
                  | Dex+3}
 14992 | Lair:4   | Noticed Snorg
 15005 | Lair:4   | Killed Snorg
 15050 | Lair:4   | 15050 ||| READING scroll of enchant weapon.
 15050 | Lair:4   | 15050 ||| ENCHANTING +3 broad axe of freezing.
 15106 | Lair:4   | 15106 ||| Stepping ~*~*~tactically~*~*~ (stealth).
 15108 | Lair:4   | 15108 ||| Stepping ~*~*~tactically~*~*~ (stealth).
 15356 | Lair:4   | 15356 ||| UPGRADING to +1 plate armour of the Chupacabra
                  | {rC+ Int+4 Dex+3}.
 15366 | Lair:4   | 15366 ||| DROPPING +0 plate armour.
 15367 | Lair:4   | 15367 ||| UPGRADING to +6 ring of dexterity.
 15395 | Lair:5   | Entered Level 5 of the Lair of Beasts
 15395 | Lair:5   | Found a staircase to the Slime Pits.
 15401 | Lair:5   | 15401 ||| STAIRDANCE
 15406 | Lair:5   | 15406 ||| STAIRDANCE
 15435 | Lair:5   | 15435 ||| Stepping ~*~*~tactically~*~*~ (hiding).
 15446 | Lair:5   | 15446 ||| Stepping ~*~*~tactically~*~*~ (cloud).
 15452 | Lair:5   | 15452 ||| Stepping ~*~*~tactically~*~*~ (stealth).
 15510 | Lair:5   | 15510 ||| Stepping ~*~*~tactically~*~*~ (hiding).
 15544 | Lair:5   | 15544 ||| Stepping ~*~*~tactically~*~*~ (hiding).
 15651 | Lair:5   | 15651 ||| FLEEEEING.
 15652 | Lair:5   | 15652 ||| FLEEEEING.
 15673 | Lair:5   | 15673 ||| Stepping ~*~*~tactically~*~*~ (water).
 15677 | Lair:5   | 15677 ||| Stepping ~*~*~tactically~*~*~ (water).
 15681 | Lair:5   | 15681 ||| Stepping ~*~*~tactically~*~*~ (water).
 15683 | Lair:5   | Reached skill level 9 in Dodging
 15696 | Lair:5   | HP: 29/124 [rime drake/flash freeze (7)]
 15697 | Lair:5   | 15697 ||| READING 4 scrolls of teleportation.
 15698 | Lair:5   | 15698 ||| INVOKING Draw Out Power.
 15825 | Lair:5   | Identified the +6 flail "Qadutav" {vorpal, rN++ Str+2}
 15945 | Lair:5   | 15945 ||| Stepping ~*~*~tactically~*~*~ (hiding).
 15952 | Lair:5   | Reached XP level 14. HP: 116/128 MP: 13/13
 16000 | Lair:5   | Identified the +1 robe "Waguveuq" {rPois rC- SInv Stlth+}
 16386 | Lair:5   | 16386 ||| PLANNING D
 16587 | D:12     | Noticed Rupert
 16587 | D:12     | Paralysed by Rupert for 2 turns
 16597 | D:12     | Paralysed by Rupert for 3 turns
 16603 | D:12     | Killed Rupert
 16768 | D:12     | You fall into a shaft and drop 1 floor!
 16772 | D:13     | 16772 ||| Stepping ~*~*~tactically~*~*~ (hiding).
 16773 | D:13     | 16773 ||| Stepping ~*~*~tactically~*~*~ (hiding).
 16908 | D:13     | Reached skill level 15 in Fighting
 16941 | D:13     | 16941 ||| INVOKING Reject Sacrifices.
 16960 | D:13     | 16960 ||| DROPPING scarf of shadows.
 16961 | D:13     | 16961 ||| READING scroll labelled VOPYRI ECOUCE.
 16962 | D:13     | 16962 ||| READING 9 scrolls of identify.
 16962 | D:13     | 16962 ||| IDENTIFYING clear potion
 16963 | D:13     | 16963 ||| DROPPING potion of magic.
 16998 | D:12     | 16998 ||| Stepping ~*~*~tactically~*~*~ (hiding).
 17025 | D:12     | HP: 21/135 [death knight/+0 battleaxe (26)]
 17026 | D:12     | 17026 ||| READING 3 scrolls of teleportation.
 17027 | D:12     | 17027 ||| INVOKING Draw Out Power.
 17117 | D:12     | 17117 ||| Stepping ~*~*~tactically~*~*~ (hiding).
 17278 | D:12     | 17278 ||| Stepping ~*~*~tactically~*~*~ (stealth).
 17306 | D:12     | 17306 ||| Stepping ~*~*~tactically~*~*~ (stealth).
 17307 | D:12     | 17307 ||| Stepping ~*~*~tactically~*~*~ (stealth).
 17471 | D:12     | 17471 ||| Stepping ~*~*~tactically~*~*~ (stealth).
 17624 | D:12     | 17624 ||| Stepping ~*~*~tactically~*~*~ (stealth).
 17695 | D:12     | 17695 ||| UPGRADING to ring of see invisible.
 17697 | D:12     | 17697 ||| UPGRADING to +6 ring of strength.
 18056 | D:13     | 18056 ||| Stepping ~*~*~tactically~*~*~ (hiding).
 18058 | D:13     | 18058 ||| Stepping ~*~*~tactically~*~*~ (hiding).
 18108 | D:13     | 18108 ||| READING scroll of brand weapon.
 18108 | D:13     | 18108 ||| BRANDING +4 broad axe of freezing.
 18238 | D:13     | Found a gate to the Vaults.
 18295 | D:13     | 18295 ||| Stepping ~*~*~tactically~*~*~ (stealth).
 18323 | D:13     | 18323 ||| FLEEEEING.
 18331 | D:13     | 18331 ||| Stepping ~*~*~tactically~*~*~ (stealth).
 18334 | D:13     | 18334 ||| Stepping ~*~*~tactically~*~*~ (stealth).
 18335 | D:13     | 18335 ||| Stepping ~*~*~tactically~*~*~ (stealth).
 18650 | D:13     | 18650 ||| UPGRADING to +0 kite shield.
 18660 | D:13     | 18660 ||| DROPPING +0 buckler.
 18687 | D:14     | 18687 ||| Stepping ~*~*~tactically~*~*~ (stealth).
 18689 | D:14     | 18689 ||| Stepping ~*~*~tactically~*~*~ (stealth).
 18692 | D:14     | 18692 ||| Stepping ~*~*~tactically~*~*~ (stealth).
 18693 | D:14     | 18693 ||| Stepping ~*~*~tactically~*~*~ (stealth).
 18694 | D:14     | 18694 ||| Stepping ~*~*~tactically~*~*~ (stealth).
 18769 | D:14     | Noticed Lodul
 18770 | D:14     | 18770 ||| Stepping ~*~*~tactically~*~*~ (stealth).
 18772 | D:14     | 18772 ||| Stepping ~*~*~tactically~*~*~ (stealth).
 18773 | D:14     | 18773 ||| Stepping ~*~*~tactically~*~*~ (stealth).
 18782 | D:14     | Identified the amulet "Himnuod" {Regen+ Stlth+}
 18811 | D:14     | 18811 ||| Stepping ~*~*~tactically~*~*~ (hiding).
 18814 | D:14     | 18814 ||| Stepping ~*~*~tactically~*~*~ (hiding).
 18944 | D:14     | 18944 ||| Stepping ~*~*~tactically~*~*~ (stealth).
 18945 | D:14     | 18945 ||| Stepping ~*~*~tactically~*~*~ (hiding).
 19068 | D:14     | 19068 ||| FLEEEEING.
 19070 | D:14     | 19070 ||| FLEEEEING.
 19071 | D:14     | 19071 ||| FLEEEEING.
 19072 | D:14     | 19072 ||| FLEEEEING.
 19073 | D:14     | 19073 ||| FLEEEEING.
 19075 | D:14     | 19075 ||| FLEEEEING.
 19076 | D:14     | 19076 ||| FLEEEEING.
 19077 | D:14     | 19077 ||| FLEEEEING.
 19078 | D:14     | 19078 ||| FLEEEEING.
 19079 | D:14     | 19079 ||| FLEEEEING.
 19080 | D:14     | 19080 ||| STAIRDANCE
 19276 | D:14     | 19276 ||| Stepping ~*~*~tactically~*~*~ (stealth).
 19384 | D:14     | Killed Lodul
 19511 | D:14     | 19511 ||| Stepping ~*~*~tactically~*~*~ (hiding).
 19565 | D:15     | Entered Level 15 of the Dungeon
 19585 | D:15     | Reached XP level 15. HP: 60/144 MP: 14/14
 19591 | D:15     | Reached skill level 12 in Shields
 19704 | D:15     | 19704 ||| Stepping ~*~*~tactically~*~*~ (hiding).
 19738 | D:15     | HP: 27/144 [skeletal warrior/+0 mace (19)]
 19738 | D:15     | HP: 10/144 [skeletal warrior/+0 mace (17)]
 19739 | D:15     | 19739 ||| READING 2 scrolls of teleportation.
 19739 | D:15     | Mangled by a skeletal warrior

Levels and vault maps discovered:
D:1:      dpeg_arrival_snail, layout_rooms, hangedman_decor_clover_reticule,
          serial_bayou_pond_b, st_stairs_5
D:2:      layout_basic, serial_undead, serial_undead_c, serial_undead_d,
          serial_undead_c, serial_undead_b, basic_altar
D:3:      layout_basic, dreamdust_ecumenical_altar_grove
D:4:      layout_basic, minmay_overflow_temple_star_hex, uniq_grinder
D:5:      layout_rooms, serial_shops, shop_statue
D:6:      layout_loops_cross
D:7:      layout_gridville, tso_altar, minmay_temple_entry_enclosed_plants,
          uniq_maggie, uniq_pikel
D:8:      layout_basic, uniq_joseph
D:9:      layout_loops_ring, riverfiend_overflow_shadow_ancestor,
          nicolae_overflow_crystal_walls, mainiacjoe_overflow_catch_the_wave,
          kennysheep_doodads
D:10:     layout_loops_ring, minmay_lair_entry_grove, serial_bayou_pond_d
D:11:     layout_stronghold, orc_0_dummy, serial_shops, shop,
          nicolae_shop_hallway_stairs, shop, nicolae_diamond_shop
D:12:     layout_loops_ring, serial_glass, glass_columns_c, glass_columns_b,
          minivault_28, uniq_rupert
D:13:     layout_basic, erik_vaults_2, serial_bayou, serial_bayou_ford_a,
          serial_bayou_shore_b, serial_bayou_lagoon_a, serial_bayou_pond_b
D:14:     layout_cave_pools, uniq_lodul
D:15:     hangedman_depths_entry_civil_slaughter, layout_loops_ring,
          grunt_decor_fettered, grunt_ministairs_3,
          hangedman_abyss_or_decor_passed, uniq_kirke
Temple:   minmay_temple_curvy_loop
Lair:1:   layout_chaotic_city, grunt_megastairs_1
Lair:2:   cheibrodos_lair_river_kwai, layout_cave_pods,
          minmay_swamp_entry_swarm, serial_bayou_shore_a, uniq_sonja
Lair:3:   layout_misc_corridors, serial_bayou_shore_b, grunt_megastairs_3,
          uniq_nergalle
Lair:4:   layout_hall_layers, grunt_megastairs_4, uniq_snorg
Lair:5:   gammafunk_lair_ancient_temple, layout_gridlike, slime_entry_1

Skill      XL: |  1  2  3  4  5  6  7  8  9 10 11 12 13 14 15 |
---------------+----------------------------------------------+-----
Axes           | 3 4 5 6 7 9 10 11 13 15 17 19 | 19.0
Dodging        | 1 2 3 4 5 6 9 10 | 10.0
Fighting       | 4 5 6 8 9 10 12 14 16 | 16.0
Armour         | 4 6 7 8 9 10 12 13 | 13.8
Throwing       | 2 |  2.0
Shields        | 4 5 6 8 9 11 13 | 13.0

Action                   |  1- 3 |  4- 6 |  7- 9 | 10-12 | 13-15 || total
-------------------------+-------+-------+-------+-------+-------++-------
Melee: War axe           |    63 |    92 |   175 |       |       ||   330
       Headbutt          |    11 |    14 |    42 |    67 |   146 ||   280
       Broad axe         |       |       |    42 |   393 |   607 ||  1042
       Morningstar       |       |       |       |     5 |     6 ||    11
Throw: Boomerang         |       |     7 |    88 |    40 |       ||   135
Invok: Sacrifice Artific |       |       |       |     1 |       ||     1
       Draw Out Power    |       |       |       |     2 |     2 ||     4
       Sacrifice Arcana  |       |       |       |     1 |       ||     1
       Sacrifice Essence |       |       |       |       |     1 ||     1
       Reject Sacrifices |       |       |       |       |     1 ||     1
  Use: Scroll            |     7 |     2 |     4 |    12 |    10 ||    35
       Potion            |     1 |     2 |     6 |     7 |     1 ||    17
 Stab: Invisible         |       |       |       |     1 |     1 ||     2
       Confused          |       |       |       |       |     2 ||     2
       Distracted        |       |       |       |       |     1 ||     1
Armor: Scale mail        |    16 |    48 |       |       |       ||    64
       Plate armour      |       |    24 |    98 |   204 |   210 ||   536
Dodge: Dodged            |    25 |    26 |    48 |   163 |   188 ||   450
Block: Buckler           |    11 |    15 |    45 |   100 |    78 ||   249
       Kite shield       |       |       |       |       |    55 ||    55

Table legend:
 A = Non-vault XP
 B = Vault XP
 C = Vault XP percentage of total XP
 D = Non-vault monster count
 E = Vault monster count
 F = Vault count percentage of total count
                 A         B        C        D         E       F
            +---------+---------+-------+---------+---------+-------
      Total |   67238 |   43385 |  39.2 |     394 |     110 |  21.8
            +---------+---------+-------+---------+---------+-------
        D:1 |      15 |       9 |  37.5 |       6 |       5 |  45.5
        D:2 |      50 |      16 |  24.2 |      13 |       4 |  23.5
        D:3 |     260 |       0 |   0.0 |      25 |       0 |   0.0
        D:4 |     938 |     262 |  21.8 |      32 |       1 |   3.0
        D:5 |    1021 |       0 |   0.0 |      17 |       0 |   0.0
        D:6 |     971 |       0 |   0.0 |      23 |       0 |   0.0
        D:7 |    1680 |    1056 |  38.6 |      29 |       2 |   6.5
        D:8 |     990 |     407 |  29.1 |      29 |       1 |   3.3
        D:9 |    1718 |       0 |   0.0 |      10 |       0 |   0.0
       D:10 |    3231 |    1883 |  36.8 |       9 |      13 |  59.1
       D:11 |    3369 |       0 |   0.0 |      12 |       0 |   0.0
       D:12 |    6691 |    7906 |  54.2 |      16 |      13 |  44.8
       D:13 |    4823 |    8207 |  63.0 |      21 |      13 |  38.2
       D:14 |    5655 |    1566 |  21.7 |      21 |       8 |  27.6
       D:15 |    2355 |    7991 |  77.2 |       3 |      13 |  81.2
     Lair:1 |    3626 |     847 |  18.9 |      18 |       3 |  14.3
     Lair:2 |    3590 |    3926 |  52.2 |      20 |      10 |  33.3
     Lair:3 |    6051 |     928 |  13.3 |      23 |       2 |   8.0
     Lair:4 |    6558 |    1733 |  20.9 |      29 |       3 |   9.4
     Lair:5 |    3936 |    6648 |  62.8 |      14 |      19 |  57.6
    Abyss:1 |    9710 |       0 |   0.0 |      24 |       0 |   0.0
            +---------+---------+-------+---------+---------+-------
